 Dungeon Crawl Stone Soup version 0.21.1-1-g345015fe64 (webtiles) character file.

214 KleinerIrrer the Grasshopper (level 5, -2/43 HPs)
             Began as a Gnoll Warper on Mar 16, 2018.
             Slain by Grinder (6 damage)
             ... on level 3 of the Dungeon.
             The game lasted 00:08:48 (3364 turns).

KleinerIrrer the Grasshopper (Gnoll Warper)         Turns: 3364, Time: 00:08:49

Health: -2/43      AC:  4    Str: 13    XL:     5   Next: 91%
Magic:  0/12       EV: 20    Int: 15    God:
Gold:   135        SH:  0    Dex: 21    Spells: 10/14 levels left

rFire    . . .     SeeInvis .   a - +0 short sword
rCold    . . .     Gourm    .   (no shield)
rNeg     . . .     Faith    .   b - +1 leather armour
rPois    .         Spirit   .   (no helmet)
rElec    .         Reflect  .   (no cloak)
rCorr    .         Harm     .   (no gloves)
MR       .....                  (no boots)
Stlth    +++.......             (no amulet)
HPRegen  0.14/turn              (no ring)
MPRegen  0.13/turn              (no ring)

@: agile, very slightly contaminated
A: distributed training, fangs 1, strong nose
a: no special abilities


You were on level 3 of the Dungeon.
You were not hungry.

You visited 1 branch of the dungeon, and saw 3 of its levels.

You collected 135 gold pieces.

Inventory:

Hand Weapons
 a - a +0 short sword (weapon)
 i - a +3 hunting sling
Missiles
 e - 5 tomahawks of dispersal (quivered)
 g - a throwing net
 q - 5 poisoned tomahawks
 v - 17 poisoned needles
 w - 15 bolts
Armour
 b - a +1 leather armour (worn)
 n - a +0 plate armour
Wands
 r - a wand of iceblast (10)
 t - a wand of digging (4)
Scrolls
 d - a scroll of blinking
 k - a scroll of enchant armour
 l - 2 scrolls of enchant weapon {unknown}
 m - a scroll of fear {unknown}
 p - a scroll of remove curse {unknown}
 u - a scroll of noise {unknown}
Potions
 o - a potion of magic
 s - a potion of lignification
Books
 c - a book of Spatial Translocations

   Spells                             Type                      Level
   a - Blink                          Translocation                2
   b - Shroud of Golubria             Charms/Translocation         2
   c - Lesser Beckoning               Translocation                3
   d - Gell's Gravitas                Translocation                3
   e - Teleport Other                 Translocation                3
   f - Passage of Golubria            Translocation                4
Comestibles
 f - 6 rations
 h - 12 chunks of flesh


   Skills:
 + Level 4.8 Fighting
 + Level 4.8 Short Blades
 + Level 1.6 Long Blades
 + Level 1.6 Axes
 + Level 1.6 Maces & Flails
 + Level 1.6 Polearms
 + Level 1.6 Staves
 + Level 1.6 Slings
 + Level 1.6 Bows
 + Level 1.6 Crossbows
 + Level 3.0 Throwing
 + Level 3.0 Armour
 + Level 4.8 Dodging
 + Level 1.6 Stealth
 + Level 1.6 Shields
 + Level 1.6 Unarmed Combat
 + Level 5.2 Spellcasting
 + Level 1.3 Conjurations
 + Level 1.3 Hexes
 + Level 1.3 Charms
 + Level 1.3 Summonings
 + Level 1.3 Necromancy
 + Level 5.6 Translocations
 + Level 1.3 Transmutations
 + Level 1.3 Fire Magic
 + Level 1.3 Ice Magic
 + Level 1.3 Air Magic
 + Level 1.3 Earth Magic
 + Level 1.3 Poison Magic
 + Level 1.8 Invocations
 + Level 1.6 Evocations


You had 10 spell levels left.
You knew the following spells:

 Your Spells              Type           Power        Failure   Level  Hunger
a - Blink                 Tloc           N/A          3%          2    ##.....
b - Shroud of Golubria    Chrm/Tloc      ##........   8%          2    ##.....


Dungeon Overview and Level Annotations

Branches:
Dungeon (3/15)

Altars:
Gozag

Annotations:
D:3 Grinder


Innate Abilities, Weirdness & Mutations

Your experience applies equally to all skills.
You have very sharp teeth.
Your uncanny sense of smell can sniff out nearby items.


Message History

Unknown command.
Okay, then.
Blink to where?
Press: ? - help, Dir - move target cursor, f - you
Okay, then.
As you read the scroll labeled AXTUJ OSHEE, it crumbles to dust.
It is a scroll of enchant armour.
Your +0 leather armour glows green for a moment.
Grinder barely misses you.
You barely miss Grinder. Grinder closely misses you. Grinder barely misses you.
You hit Grinder.
Grinder is lightly wounded.
Grinder closely misses you.
You hit Grinder. You bite Grinder, but do no damage.
Grinder is lightly wounded.
Grinder completely misses you.
You hit Grinder but do no damage.
Grinder is lightly wounded.
Grinder hits you.
You die...

#.### #.....#
#...... #.#
#.....#
#.......
#.###########
#>#.#..#.
#§##...#####
#.#.. .#.#
#.##...5...#
#.#.# #
#.##...###.#
#.#.##.#.#
#.###.## #.#
#?.......#
#.##...#
#÷######.#
#....#.#
#..@5....#
####...#
##########
#####


You could see Grinder.

Vanquished Creatures
  An orc priest (D:3)
  Jessica (D:2)
  Ijyb (D:3)
  Robin (D:3)
  An adder (D:2)
  A gnoll (D:1)
  An ooze (D:1)
  2 worms
  2 dart slugs (D:1)
  A leopard gecko (D:3)
  5 orcs
  2 giant cockroaches (D:1)
  15 goblins
  12 hobgoblins
  7 jackals
  12 kobolds
  3 quokkas (D:3)
  A ball python (D:2)
  2 bats
  3 frilled lizards
  6 rats
80 creatures vanquished.

Notes
Turn   | Place    | Note
-------+----------+-------------------------------------------
     0 | D:1      | KleinerIrrer the Gnoll Warper began the quest for the Orb.
     0 | D:1      | Reached XP level 1. HP: 20/20 MP: 6/6
   121 | D:1      | Reached XP level 2. HP: 14/26 MP: 7/7
   358 | D:1      | Learned a level 2 spell: Blink
   361 | D:1      | Learned a level 2 spell: Shroud of Golubria
   501 | D:1      | Reached XP level 3. HP: 31/31 MP: 9/9
   520 | D:1      | Reached skill level 5 in Spellcasting
   679 | D:1      | Reached skill level 1 in Invocations
  1299 | D:2      | Reached skill level 1 in Long Blades
  1299 | D:2      | Reached skill level 1 in Axes
  1299 | D:2      | Reached skill level 1 in Maces & Flails
  1299 | D:2      | Reached skill level 1 in Polearms
  1299 | D:2      | Reached skill level 1 in Staves
  1299 | D:2      | Reached skill level 1 in Slings
  1299 | D:2      | Reached skill level 1 in Bows
  1299 | D:2      | Reached skill level 1 in Crossbows
  1299 | D:2      | Reached skill level 1 in Stealth
  1299 | D:2      | Reached skill level 1 in Shields
  1299 | D:2      | Reached skill level 1 in Unarmed Combat
  1299 | D:2      | Reached skill level 1 in Evocations
  1304 | D:2      | Found an opulent altar of Gozag.
  1367 | D:2      | Noticed Jessica
  1392 | D:2      | Killed Jessica
  1392 | D:2      | Reached XP level 4. HP: 32/38 MP: 8/11
  1673 | D:2      | Reached skill level 1 in Conjurations
  1673 | D:2      | Reached skill level 1 in Hexes
  1673 | D:2      | Reached skill level 1 in Charms
  1673 | D:2      | Reached skill level 1 in Summonings
  1673 | D:2      | Reached skill level 1 in Necromancy
  1673 | D:2      | Reached skill level 1 in Transmutations
  1673 | D:2      | Reached skill level 1 in Fire Magic
  1673 | D:2      | Reached skill level 1 in Ice Magic
  1673 | D:2      | Reached skill level 1 in Air Magic
  1673 | D:2      | Reached skill level 1 in Earth Magic
  1673 | D:2      | Reached skill level 1 in Poison Magic
  2406 | D:3      | Noticed Ijyb
  2424 | D:3      | Killed Ijyb
  2424 | D:3      | Reached XP level 5. HP: 27/43 MP: 12/12
  2857 | D:3      | Noticed Robin
  3149 | D:3      | Killed Robin
  3300 | D:3      | Noticed Grinder
  3340 | D:3      | Paralysed by Grinder for 3 turns
  3354 | D:3      | Paralysed by Grinder for 2 turns
  3364 | D:3      | Slain by Grinder

Skill      XL: |  1  2  3  4  5 |
---------------+----------------+-----
Spellcasting   | 5 |  5.2
Invocations    | 1 |  1.8
Long Blades    | 1 |  1.6
Axes           | 1 |  1.6
Maces & Flails | 1 |  1.6
Polearms       | 1 |  1.6
Staves         | 1 |  1.6
Slings         | 1 |  1.6
Bows           | 1 |  1.6
Crossbows      | 1 |  1.6
Stealth        | 1 |  1.6
Shields        | 1 |  1.6
Unarmed Combat | 1 |  1.6
Evocations     | 1 |  1.6
Conjurations   | 1 |  1.3
Hexes          | 1 |  1.3
Charms         | 1 |  1.3
Summonings     | 1 |  1.3
Necromancy     | 1 |  1.3
Transmutations | 1 |  1.3
Fire Magic     | 1 |  1.3
Ice Magic      | 1 |  1.3
Air Magic      | 1 |  1.3
Earth Magic    | 1 |  1.3
Poison Magic   | 1 |  1.3
Throwing       | 3 |  3.0
Armour         | 3 |  3.0
Fighting       | |  4.8
Short Blades   | |  4.8
Dodging        | |  4.8
Translocations | |  5.6

Action                   |  1- 3 |  4- 6 || total
-------------------------+-------+-------++-------
Melee: Short sword       |   156 |   246 ||   402
       Bite              |    18 |    31 ||    49
 Cast: Shroud of Golubri |     3 |    15 ||    18
       Blink             |       |     8 ||     8
  Use: Scroll            |       |     4 ||     4
       Potion            |       |     1 ||     1
 Stab: Sleeping          |     1 |     4 ||     5
  Eat: Chunk             |     2 |     7 ||     9
Armor: Leather armour    |    25 |    34 ||    59
Dodge: Dodged            |   124 |   176 ||   300
